 Dungeon Crawl Stone Soup version 0.26-a0-154-g3d63440f56 (webtiles) character file.

Game seed: 3572966190767517668

13 Flugslaktarn the Chiller (level 2, 0/13 HPs)
             Began as a Vine Stalker Ice Elementalist on July 1, 2020.
             Slain by a bat (1 damage)
             ... on level 1 of the Dungeon.
             The game lasted 00:00:30 (53 turns).

Flugslaktarn the Chiller (VSIE)                       Turns: 53, Time: 00:00:31

Health: 0/13       AC:  2    Str: 10    XL:     2   Next: 37%
Magic:  0/6        EV: 11    Int: 15    God:
Gold:   0          SH:  3    Dex: 14    Spells: 5/6 levels left

rFire    . . .     SeeInvis .   b - +0 hand axe (flame)
rCold    . . .     Faith    .   d - +0 buckler
rNeg     . . .     Spirit   +   a - +0 robe
rPois    .         Reflect  .   (no helmet)
rElec    .         Harm     .   (no cloak)
rCorr    .                      (no gloves)
MR       .....                  (no boots)
Stlth    ++........             (no amulet)
HPRegen  0.04/turn              (no ring)
MPRegen  0.10/turn              (no ring)

@: no status effects
A: fangs 2, magic shield, antimagic bite, no potion heal 3, rot immunity
a: no special abilities


You were on level 1 of the Dungeon.
You were not hungry.

You visited 1 branch of the dungeon, and saw 2 of its levels.

Inventory:

Hand Weapons
 b - a +0 hand axe of flaming (weapon)
   (You found it on level 2 of the Dungeon)
Armour
 a - a +0 robe (worn)
 d - a +0 buckler (worn)
   (You found it on level 2 of the Dungeon)
Comestibles
 c - a ration


   Skills:
 - Level 1.5 Dodging
 - Level 2.4 Stealth
 + Level 2.7 Spellcasting
 + Level 4.3 Ice Magic


You had 5 spell levels left.
You knew the following spells:

 Your Spells              Type           Power        Failure   Level  Hunger
a - Freeze                Ice            ##..         6%          1    #......

Your spell library contained the following spells:

 Spells                   Type           Power        Failure   Level  Hunger
 Frozen Ramparts          Ice            ##....       19%         3    ###....
 Ozocubu's Armour         Chrm/Ice       #.......     41%         3    ###....
 Hailstorm                Conj/Ice       #.......     82%         4    #####..
 Summon Ice Beast         Ice/Summ       #.......     82%         4    #####..


Dungeon Overview and Level Annotations

Branches:
Dungeon (2/15)

Altars:


Innate Abilities, Weirdness & Mutations

You have extremely sharp teeth.
When hurt, damage is shared between your health and your magic reserves.
Your bite disrupts and absorbs the magic of your enemies.
Potions cannot restore your health.
You are immune to rotting.


Message History

Aim: a gnoll (lightly wounded)
You freeze the gnoll.
The gnoll is severely wounded.
The gnoll hits you. The dart slug launches a dart at you.
The slug dart hits you.
Unknown command.
Casting: Freeze (safe; 7% risk of failure)
Confirm with . or Enter, or press ? or * to list all spells.
Aiming: Freeze (safe; 7% risk of failure)
Press: ? - help, Shift-Dir - straight line, f/p - gnoll
Aim: a gnoll (severely wounded)
You freeze the gnoll.
The gnoll is almost dead.
The gnoll hits you.
* * * LOW HITPOINT WARNING * * *
Casting: Freeze (safe; 7% risk of failure)
Confirm with . or Enter, or press ? or * to list all spells.
Aiming: Freeze (safe; 7% risk of failure)
Press: ? - help, Shift-Dir - straight line, f/p - gnoll
Aim: a gnoll (almost dead)
You freeze the gnoll.
You kill the gnoll!
You have reached level 2!
You hit the dart slug. You burn the dart slug.
The dart slug is severely wounded.
The dart slug closely misses you.
Unknown command.
You hit the dart slug. You burn the dart slug.
You bite the dart slug, but do no damage.
The dart slug is almost dead.
The dart slug launches a dart at you. The slug dart hits you.
* * * LOW HITPOINT WARNING * * *
Casting: Freeze (safe; 6% risk of failure)
Confirm with . or Enter, or press ? or * to list all spells.
Aiming: Freeze (safe; 6% risk of failure)
Press: ? - help, Shift-Dir - straight line, f - dart slug
Aim: a dart slug (almost dead)
You freeze the dart slug.
You kill the dart slug!
Unknown command.
You see here a dart slug corpse.
There is a stone staircase leading down here.
A bat comes into view.
A giant cockroach comes into view.
The bat hits you.
* * * LOW HITPOINT WARNING * * *
The bat hits you.
You die...

.. ...# .## ...
..# #.. ..# ..#
..#..#
######....####.
...s....b......
##@.######
###.........
##..>..######
#..#†....#
#.#....#.#
#.#.#.##.#
..#...# #
#.#...##
..#.#.#


You could see a giant cockroach (asleep) and a bat.

Vanquished Creatures
  A gnoll (D:1)
  A dart slug (D:1)
  A goblin (D:2)
3 creatures vanquished.

Notes
Turn   | Place    | Note
-------+----------+-------------------------------------------
     0 | D:1      | Flugslaktarn the Vine Stalker Ice Elementalist began the
                  | quest for the Orb.
     0 | D:1      | Reached XP level 1. HP: 9/9 MP: 4/4
    45 | D:1      | Reached XP level 2. HP: 3/13 MP: 0/6
    53 | D:1      | Slain by a bat

Illustrated notes

Levels and vault maps discovered:
D:1:      dpeg_arrival_tiny_k, layout_rooms
D:2:      layout_basic, overflow_temple_1_default, minmay_pentomino_r4

Action                   || total
-------------------------++-------
Melee: Hand axe          ||     2
       Bite              ||     1
 Cast: Freeze            ||     6
Dodge: Dodged            ||     4
Block: Buckler           ||     1

Table legend:
 A = Non-vault XP
 B = Vault XP
 C = Vault XP percentage of total XP
 D = Non-vault monster count
 E = Vault monster count
 F = Vault count percentage of total count
                 A         B        C        D         E       F
            +---------+---------+-------+---------+---------+-------
      Total |      19 |       0 |   0.0 |       3 |       0 |   0.0
            +---------+---------+-------+---------+---------+-------
        D:1 |      17 |       0 |   0.0 |       2 |       0 |   0.0
        D:2 |       2 |       0 |   0.0 |       1 |       0 |   0.0
            +---------+---------+-------+---------+---------+-------
